 Dungeon Sprint DCSS version 0.24-a0-246-gb963c9a (webtiles) character file.

Game seed: 3389993538578137719

186 MikeHunt the Grappler (level 5, -7/45 HPs)
             Began as a Ghoul Monk on Apr 12, 2019.
             Mangled by a shadow (31 damage)
             ... in the Dungeon (Sprint III: "The Ten Rune Challenge").
             The game lasted 00:01:34 (382 turns).

MikeHunt the Grappler (Ghoul Monk)                   Turns: 382, Time: 00:01:35

Health: -7/45      AC:  2    Str: 15    XL:     5   Next: 66%
Magic:  4/4        EV: 13    Int:  5    God:
Gold:   38         SH:  0    Dex: 12    Spells: 4/4 levels left

rFire    . . .     SeeInvis .     - Unarmed
rCold    + . .     Gourm    .   (no shield)
rNeg     + + +     Faith    .   a - +0 robe
rPois    ∞         Spirit   .   (no helmet)
rElec    .         Reflect  .   (no cloak)
rCorr    .         Harm     .   (no gloves)
MR       .....     NoTele   +   (no boots)
Stlth    ++........             (no amulet)
HPRegen  0.00/turn              (no ring)
MPRegen  0.09/turn              (no ring)

@: rotting
A: rotting body, claws 1, carnivore, cold resistance 1, negative energy
resistance 3, inhibited regeneration, torment resistance, unbreathing
a: no special abilities


You were in the Dungeon.
You were not hungry.

You visited 1 branch You collected 38 gold pieces.

Inventory:

Armour
 a - a +0 robe (worn)
Scrolls
 h - a scroll of blinking
 j - a scroll of torment {unknown}
 k - a scroll of amnesia {unknown}
 l - 2 scrolls of identify {unknown}
 n - a scroll of holy word {unknown}
 o - a scroll of fog {unknown}
Potions
 c - a potion of curing
 e - a potion of haste
 f - 2 potions of magic
 g - a potion of berserk rage
 m - 2 potions of flight
 p - a potion of ambrosia {unknown}
Comestibles
 b - 3 rations


   Skills:
 - Level 3.2 Fighting
 - Level 2.6 Dodging
 - Level 2.1 Stealth
 + Level 12.3 Unarmed Combat


You had 4 spell levels left.
You didn't know any spells.
Your spell library was empty.

Dungeon Overview and Level Annotations

Branches:
Dungeon (1/1)

Altars:


Innate Abilities, Weirdness & Mutations

Your body is rotting away.
You thrive on raw meat.
You are immune to poison.
You have sharp fingernails.
You are carnivorous and can eat meat at any time.
Your flesh is cold resistant. (rC+)
You are immune to negative energy. (rN+++)
You do not regenerate when monsters are visible.
You are immune to unholy pain and torment.
You can survive without breathing.


Message History

The shadow is severely damaged.
The shadow slips into darkness.
The shadow flickers and vanishes!
Deactivating autopickup; reactivate with Ctrl-A.
The shadow strikes at you from the darkness!
* * * LOW HITPOINT WARNING * * *
Reactivating autopickup.
You barely miss the shadow.
The shadow is severely damaged.
You feel much better. The shadow hits you.
You closely miss the shadow.
The shadow is severely damaged.
The shadow slips into darkness.
The shadow flickers and vanishes!
Deactivating autopickup; reactivate with Ctrl-A.
You scratch something but do no damage. Your claw misses something.
You are no longer corroded.
The shadow strikes at you from the darkness!
Ouch! That really hurt!
You die...

▓▓▓ ▓▓▓ ..♣♣ ♣.#
...♣ ♣.# .♣♣♣ ♣.#
.≈.♣♣♣♣.###+#+###+##
≈≈♣.♣...#..........#
≈≈≈.....'.⌠.....@{.#
≈≈≈≈≈...#...######'#
≈≈≈≈....#.⌠.# #...#
≈≈≈.....#...# #...#
≈.......#+### #...#
........# #..%+
........# +...#
▓▓▓▓▓▓▓▓▓ ▓▓▓▓▓


There were no monsters in sight!

Vanquished Creatures
  A water elemental (D)
  A scorpion (D)
  A jelly (D)
  Jessica (D)
  A human (D)
  2 oozes (D)
  A rat (D)
8 creatures vanquished.

Vanquished Creatures (others)
  2 draconian scorchers (D)
  6 hellions (D)
  A yaktaur (D)
  2 plants (D)
11 creatures vanquished.

Grand Total: 19 creatures vanquished

Notes
Turn   | Place    | Note
-------+----------+-------------------------------------------
     0 | D        | MikeHunt the Ghoul Monk began the quest for the Orb.
     0 | D        | Reached XP level 1. HP: 19/19 MP: 0/0
     7 | D        | Reached skill level 5 in Unarmed Combat
    11 | D        | Reached XP level 2. HP: 23/26 MP: 1/1
    15 | D        | Noticed Jessica
    23 | D        | Killed Jessica
    23 | D        | Reached skill level 7 in Unarmed Combat
    23 | D        | Reached XP level 3. HP: 27/31 MP: 2/2
    39 | D        | Noticed a scorpion
    54 | D        | Killed a scorpion
    54 | D        | Reached skill level 9 in Unarmed Combat
    54 | D        | Reached XP level 4. HP: 30/38 MP: 3/3
    80 | D        | Killed a yaktaur
    94 | D        | Killed a hellion
    96 | D        | Reached skill level 10 in Unarmed Combat
   107 | D        | Noticed a water elemental
   115 | D        | Killed a water elemental
   115 | D        | Reached skill level 11 in Unarmed Combat
   115 | D        | Reached XP level 5. HP: 8/45 MP: 4/4
   167 | D        | Killed a hellion
   168 | D        | Killed a hellion
   169 | D        | Killed a hellion
   175 | D        | Killed a hellion
   175 | D        | Killed a hellion
   217 | D        | Killed a white draconian scorcher
   292 | D        | Killed a white draconian scorcher
   368 | D        | Reached skill level 12 in Unarmed Combat
   368 | D        | Noticed a shadow
   382 | D        | Mangled by a shadow

Levels and vault maps discovered:
D:        dungeon_sprint_mu [sprint_mu_entry_forest, sprint_mu_temple_rooms,
          sprint_mu_d1_spiders, sprint_mu_d2_genie, sprint_mu_d3_branching,
          sprint_mu_orc_legion, sprint_mu_elf_gauntlet, sprint_mu_hive_nellie,
          sprint_mu_lair_fedhas, sprint_mu_vaults_butterflies,
          sprint_mu_slime_circle, sprint_mu_swamp_cave, sprint_mu_shoals_kraken,
          sprint_mu_blade_basic, sprint_mu_crypt_chambers,
          sprint_mu_tomb_spiral, sprint_mu_vestibule_basic,
          sprint_mu_gehenna_hellfire, sprint_mu_dis_giant,
          sprint_mu_tartarus_statrot, sprint_mu_cocytus_islands, sprint_mu_zot1]

Skill      XL: |  1  2  3  4  5 |
---------------+----------------+-----
Unarmed Combat | 5 7 9 11 12 | 12.3
Fighting       | |  3.2
Dodging        | |  2.6
Stealth        | |  2.1

Action                   |  1- 3 |  4- 6 || total
-------------------------+-------+-------++-------
Melee: Unarmed           |    17 |    34 ||    51
       Punch             |     1 |     1 ||     2
  Use: Potion            |       |     1 ||     1
 Stab: Sleeping          |     1 |     1 ||     2
  Eat: Chunk             |     1 |     3 ||     4
Armor: Robe              |     2 |       ||     2
Dodge: Dodged            |     6 |    10 ||    16

Table legend:
 A = Non-vault XP
 B = Vault XP
 C = Vault XP percentage of total XP
 D = Non-vault monster count
 E = Vault monster count
 F = Vault count percentage of total count
                 A         B        C        D         E       F
            +---------+---------+-------+---------+---------+-------
      Total |       0 |     267 | 100.0 |       0 |       8 | 100.0
            +---------+---------+-------+---------+---------+-------
          D |       0 |     267 | 100.0 |       0 |       8 | 100.0
            +---------+---------+-------+---------+---------+-------
